 Dungeon Crawl Stone Soup version 0.28.0-45-g0d030f2227 (webtiles) character file.

Game seed: 4977332675656644321

74 MeArio the Skirmisher (level 4, -5/41 HPs)
             Began as a Minotaur Fighter on Apr 13, 2022.
             Slain by Sigmund
             ... wielding a +0 scythe
              (9 damage)
             ... on level 3 of the Dungeon.
             The game lasted 00:08:34 (2547 turns).

MeArio the Skirmisher (Minotaur Fighter)            Turns: 2547, Time: 00:08:35

Health: -5/41      AC:  7    Str: 23    XL:     4   Next: 9%
Magic:  3/3        EV:  9    Int:  5    God:
Gold:   124        SH:  4    Dex:  9    Spells: 3/3 levels left

rFire   . . .      SeeInvis .   a - +1 long sword
rCold   . . .      Faith    .   c - +0 buckler
rNeg    . . .      Spirit   .   b - +0 scale mail
rPois   .          Reflect  .   (helmet restricted)
rElec   .          Harm     .   (no cloak)
rCorr   .          Rampage  .   (no gloves)
Will    .....                   (no boots)
Stlth   ..........              (no amulet)
HPRegen 0.13/turn               (no ring)
MPRegen 0.08/turn               (no ring)

@: no status effects
A: horns 2, retaliatory headbutt
a: no special abilities


You were on level 3 of the Dungeon.
You visited 1 branch of the dungeon, and saw 3 of its levels.

You collected 124 gold pieces.

Inventory:

Hand Weapons
 a - a +1 long sword (weapon)
Armour
 b - a +0 scale mail (worn)
 c - a +0 buckler (worn)
Scrolls
 e - a scroll of teleportation
 f - a scroll of identify {unknown}
 j - a scroll of vulnerability {unknown}
Potions
 d - a potion of might
 g - a potion of invisibility {unknown}
 h - a potion of curing {unknown}
 i - a potion of lignification {unknown}
 l - a potion of ambrosia {unknown}


   Skills:
 + Level 4.3 Fighting
 + Level 3.4 Long Blades
 + Level 4.3 Armour
 + Level 4.3 Shields


You had 3 spell levels left.
You didn't know any spells.
Your spell library was empty.

Dungeon Overview and Level Annotations

Branches:
Dungeon (3/15)

Altars:
Kikubaaqudgha
Beogh

Annotations:
D:3 Sigmund


Innate Abilities, Weirdness & Mutations

You have a pair of horns on your head.
You reflexively headbutt those who attack you in melee.


Message History

You barely miss the endoplasm.
The endoplasm hits you but does no damage.
Sigmund mumbles some strange words.
Sigmund flickers and vanishes!
Deactivating autopickup; reactivate with Ctrl-A.
You block the endoplasm's attack.
You hit the endoplasm. You headbutt the endoplasm.
The endoplasm is almost dead.
Something hits you! The endoplasm closely misses you. You furiously retaliate!
You headbutt the endoplasm!
You kill the endoplasm!
Hit: a) +1 long sword
Press: ? - help, Dir - move target Your weapon can't reach that far!
Okay, then.
Press: ? - help, v - describe, . - travel The floor.
There is a strange disturbance nearby!
Something hits you.
You miss something. You block something's attack.
You barely miss something. Your headbutt misses something. Something hits you.
You closely miss something. Something hits you but does no damage.
You miss something. You headbutt something. Something hits you!
You miss something. Your headbutt misses something. Something hits you.
* * * LOW HITPOINT WARNING * * *
A magic dart appears from out of thin air!
The magic dart hits you.
* * * LOW HITPOINT WARNING * * *
A magic dart appears from out of thin air!
The magic dart hits you.
* * * LOW HITPOINT WARNING * * *
Something tries to affect you, but you resist.
You hear some strange, mumbled words.
You are confused.
Something hits you.
* * * LOW HITPOINT WARNING * * *
You bump into the rock wall.
You feel less confused. Something hits you!
You die...

#.###########...
####.#.............
#....#.########....
##.#.#.# ....
#.#.#.# ....
##.###.# ....
#....#.# ....
##.###{# .... #@#
#.# .... ##.###.#
#..{...# ########


There were no monsters in sight!

Vanquished Creatures
  2 adders
  2 dart slugs
  3 orcs (D:3)
  6 endoplasms
  3 giant cockroaches (D:1)
  A hobgoblin (D:3)
  2 jackals (D:2)
  4 kobolds
  A quokka (D:1)
  5 ball pythons
  9 bats
  6 frilled lizards
  4 rats
48 creatures vanquished.

Notes
Turn   | Place    | Note
-------+----------+-------------------------------------------
     0 | D:1      | MeArio the Minotaur Fighter began the quest for the Orb.
     0 | D:1      | Reached XP level 1. HP: 19/19 MP: 0/0
   237 | D:1      | Reached XP level 2. HP: 27/27 MP: 1/1
   531 | D:1      | Found a faded altar of an unknown god.
   936 | D:2      | Reached XP level 3. HP: 33/33 MP: 2/2
  2332 | D:3      | Reached XP level 4. HP: 41/41 MP: 3/3
  2444 | D:3      | Found an ancient bone altar of Kikubaaqudgha.
  2511 | D:3      | Noticed Sigmund
  2547 | D:3      | Slain by Sigmund

Illustrated notes

Levels and vault maps discovered:
D:1:      minmay_arrival_diagonal_passages, layout_loops_ring,
          hellmonk_ecumenical_altar_defaced_shrine, minmay_liquid_box
D:2:      layout_basic, minmay_tromino_v7
D:3:      layout_basic, kiku_gazebo_pond_becter, uniq_sigmund

Skill      XL: |  1  2 |
---------------+-------+-----
Fighting       | 4 |  4.3
Armour         | 4 |  4.3
Shields        | 4 |  4.3
Long Blades    | 3 |  3.4

Action                   |  1- 3 |  4- 6 || total
-------------------------+-------+-------++-------
Melee: Long sword        |    89 |     9 ||    98
       Headbutt          |    11 |     2 ||    13
  Use: Scroll            |     5 |       ||     5
Armor: Scale mail        |    50 |     2 ||    52
Dodge: Dodged            |    37 |     2 ||    39
Block: Buckler           |    25 |     2 ||    27
